AoeStats
← Lasse

Arena

510087313Analyzed
2v2 RM · 4d ago on Sep 29, 2026· 42m 43s· 4 players
Game mode
Random Map
Map size
Medium (4 player)
Population
200
Speed
Normal
Resources
Standard
Victory
Conquest
Starting age
Dark Age
Ending age
Imperial Age
RankedLock teamsTeams togetherTeam positionsShared explorationLock speedFull tech treeHidden civsTurbo modeCheats
Victory
Defeat
🇮🇳 Mongols · India
1288
+13
🇻🇳 Vietnamese · Vietnam
1281
+14
🇫🇷 Teutons · France
1249
-14
🇩🇪 Aztecs · Germany
1207
-13
chanakya
9:21 Feudal Age
14:32 Castle Age
12:58 Loom
18:08 Fletching
20:58 Bodkin Arrow
26:33 Wheelbarrow
32:12 Imperial Age
34:38 Bracer
36:18 Double-Bit Axe
36:27 Horse Collar
37:46 Padded Archer Armor
39:11 Bloodlines
41:39 Heavy Plow
41:58 Bow Saw
42:24 Conscription
42:24 Light Cavalry
anitiger9486
10:34 Feudal Age
14:43 Castle Age
12:58 Double-Bit Axe
14:48 Loom
16:04 Bow Saw
16:46 Stone Mining
18:23 Fletching
24:52 Wheelbarrow
24:05 Town Watch
25:03 Gold Mining
26:52 Scale Mail Armor
26:51 Bodkin Arrow
27:55 Thumb Ring
29:23 Hand Cart
32:30 Imperial Age
30:38 Scale Mail Armor
30:40 Squires
31:44 Arson
32:15 Chain Mail Armor
32:37 Elite Rattan Archer
33:45 Ballistics
34:42 Bracer
34:53 Forging
36:16 Elite Fire Lancer
37:11 Town Patrol
38:46 Chemistry
37:32 Horse Collar
38:29 Stone Shaft Mining
40:16 Plate Mail Armor
Lord Twokay I.
10:37 Feudal Age
10:32 Loom
14:35 Castle Age
13:39 Double-Bit Axe
16:26 Bow Saw
16:09 Gold Mining
19:02 Sanctity
22:06 Fervor
29:27 Atonement
31:24 Redemption
36:02 Atlatl
38:53 Imperial Age
38:40 Wheelbarrow
38:58 Capped Ram
39:36 Horse Collar
40:34 Block Printing
40:48 Illumination
41:00 Theocracy
Lasse
11:09 Feudal Age
11:36 Loom
14:59 Castle Age
13:16 Double-Bit Axe
13:12 Horse Collar
18:24 Wheelbarrow
19:33 Scale Mail Armor
20:42 Bow Saw
23:05 Chain Mail Armor
27:46 Squires
27:32 Arson
29:08 Gold Mining
30:50 Forging
33:28 Heavy Plow
37:54 Imperial Age
36:36 Sanctity
38:12 Elite Teutonic Knight
40:44 Chemistry
40:27 Plate Mail Armor
40:35 Bloodlines
40:35 Fletching
42:02 Cavalier
43:05 Hand Cart
Connection lost

Rejoining the realm…

Still unreachable

The connection could not be restored.

Session expired

The server has moved on; the page needs a fresh start.